AoeStats
← 夏光

Black Forest

509552542Analyzed
2v2 RM · 5d ago on Sep 27, 2026· 37m 36s· 4 players
Game mode
Random Map
Map size
Medium (4 player)
Population
200
Speed
Normal
Resources
Standard
Victory
Conquest
Starting age
Dark Age
Ending age
Imperial Age
RankedLock teamsTeams togetherTeam positionsShared explorationLock speedFull tech treeHidden civsTurbo modeCheats
Victory
Defeat
🇷🇺 Turks · Russia
983
+17
🇨🇳 Magyars · China
972
+17
🇨🇳 Byzantines · China
1000
-51
🇹🇼 Huns · Taiwan
1000
-51
76561199026418587
12:30 Feudal Age
15:56 Bloodlines
16:12 Scale Barding Armor
28:11 Castle Age
27:43 Fletching
28:36 Padded Archer Armor
29:06 Horse Collar
29:19 Gold Mining
29:16 Double-Bit Axe
30:57 Bodkin Arrow
31:22 Husbandry
36:09 Thumb Ring
37:31 Ballistics
курди рс
0:27 Loom
14:18 Feudal Age
15:50 Wheelbarrow
18:13 Castle Age
16:41 Horse Collar
20:05 Bloodlines
20:23 Heavy Plow
25:17 Husbandry
25:30 Double-Bit Axe
26:59 Hand Cart
29:04 Forging
28:55 Scale Mail Armor
29:02 Scale Barding Armor
28:48 Fletching
29:27 Bow Saw
29:23 Fishing Lines
30:36 Sipahi
30:39 Gillnets
30:57 Gold Mining
31:18 Town Watch
35:21 Imperial Age
33:37 Gold Shaft Mining
33:42 Iron Casting
33:05 Bodkin Arrow
36:41 Conscription
35:43 Elite Janissary
37:03 Treadmill Crane
37:55 Ballistics
黯翎
9:27 Loom
11:49 Feudal Age
17:36 Castle Age
23:49 Pikeman
24:31 Squires
28:11 Gold Mining
28:12 Stone Mining
28:22 Fletching
28:43 Forging
28:39 Scale Barding Armor
30:18 Wheelbarrow
夏光
14:03 Feudal Age
Connection lost

Rejoining the realm…

Still unreachable

The connection could not be restored.

Session expired

The server has moved on; the page needs a fresh start.